 Dungeon Crawl Stone Soup version 0.17-a0-2069-g0f4ee5b (webtiles) character file.

145 SlimeFever the Gusty (level 5, -1/28 HPs)
             Began as a Tengu Air Elementalist on Oct 13, 2015.
             Slain by an adder (3 damage)
             ... in a sewer.
             The game lasted 00:23:10 (2066 turns).

SlimeFever the Gusty (Tengu Air Elementalist)       Turns: 2066, Time: 00:23:11

Health: -1/28      AC:  2    Str:  9    XL:     5   Next: 27%
Magic:  3/10       EV: 15    Int: 21    God:
Gold:   129        SH:  0    Dex: 14    Spells: 3 memorised, 3 levels left

rFire  . . .     SeeInvis .     b - +0 spear
rCold  . . .     Clarity  .     d - +0 robe
rNeg   + . .     SustAt   .     (no shield)
rPois  +         Gourm    .     (helmet restricted)
rElec  .         Spirit   .     (no cloak)
rCorr  +         Warding  .     (no gloves)
rMut   .         Stasis   .     (boots unavailable)
MR     .....                    j - amulet of resist corrosion
Stlth  ++........               f - ring of positive energy
                                e - ring of poison resistance

@: brilliant, flying quickly and evasively, quick, not resistant to hostile
enchantments, unstealthy
A: beak, talons 3, able to fly 1
a: no special abilities


You were in a sewer.
You were hungry.

You visited 1 branch of the dungeon, and saw 3 of its levels.
You also visited: Sewer.

You collected 129 gold pieces.

Inventory:

Hand Weapons
 a - a +0 hunting sling
 b - a +0 spear (weapon)
Missiles
 l - 33 arrows
 n - 20 sling bullets
 o - 12 arrows of flame
 s - 8 javelins (quivered)
Armour
 d - a +0 robe (worn)
Jewellery
 e - a ring of poison resistance (left hand)
 f - a ring of positive energy (right hand)
 j - an amulet of resist corrosion (around neck)
 p - an uncursed amulet of rage
Wands
 t - a wand of magic darts (19)
Scrolls
 r - a scroll of remove curse
 v - a scroll of blinking {unknown}
Potions
 g - a potion of brilliance
 i - a potion of lignification
 k - a potion of poison {unknown}
 m - a potion of curing {unknown}
 u - a potion of resistance {unknown}
 x - 3 potions of flight
Books
 q - a book of Air

   Spells                             Type                      Level
   a - Shock                          Conjuration/Air              1
   b - Swiftness                      Charms/Air                   2
   c - Repel Missiles                 Charms/Air                   2
   d - Static Discharge               Conjuration/Air              3
   e - Lightning Bolt                 Conjuration/Air              5
Comestibles
 c - 3 fruits
 h - 3 meat rations
 w - a bread ration


   Skills:
 + Level 0.6 Fighting
 + Level 0.4 Polearms
 + Level 1.4 Slings
 + Level 2.4 Dodging
 + Level 2.1 Stealth
 - Level 1.0 Unarmed Combat
 + Level 2.7 Spellcasting
 + Level 3.1 Conjurations
 + Level 5.2 Air Magic


You had 3 spell levels left.
You knew the following spells:

 Your Spells              Type           Power        Failure   Level  Hunger
a - Shock                 Conj/Air       ####         1%          1    None
b - Swiftness             Chrm/Air       ####....     1%          2    ##.....
c - Static Discharge      Conj/Air       ####....     1%          3    ###....


Dungeon Overview and Level Annotations

Branches:
Dungeon (3/15)

Altars:
Okawaru


Innate Abilities, Weirdness & Mutations

You have a beak for a mouth.
You have claws for feet.
You can fly.


Message History

The adder bites you.
You miss the adder. You claw the adder, but do no damage. The adder bites you.
* * * LOW HITPOINT WARNING * * *
It was a potion of flight.
You feel more buoyant. The adder bites you.
* * * LOW HITPOINT WARNING * * *
It was a potion of brilliance.
You feel clever all of a sudden. The adder closely misses you.
The adder bites you.
* * * LOW HITPOINT WARNING * * *
Casting: Static Discharge
Confirm with . or Enter, or press ? or * to list all spells.
Aiming: Shock
Press: ? - help, Shift-Dir - straight line, f - ooze
Aim: an ooze The zap misses the adder.
The zap hits the ooze.
The ooze is heavily wounded.
The adder bites you.
You die...

##### ##### #≈≈≈##
##...## #
..≈..#####.≈...#####...#
≈.)≈.≈≈≈≈≈.≈.(JS@)).!...
.≈..≈#####..≈..####.≈?≈.
#...## ##...## .## ##K##
##≈## #≈# #≈# #≈# #≈#
##≈## #≈# #≈..## ≈..
..≈..#####.!.≈


You could see an ooze and an adder.

Vanquished Creatures
  3 gnolls (D:2)
  4 adders
  2 river rats (D:3)
  An ooze (D:2)
  2 worms (D:2)
  3 giant cockroaches
  6 hobgoblins
  4 ball pythons
  7 bats
  5 giant geckos
  3 giant newts
  5 goblins
  9 kobolds
  7 rats
61 creatures vanquished.

Notes
Turn   | Place    | Note
--------------------------------------------------------------
     0 | D:1      | SlimeFever the Tengu Air Elementalist began the quest for the Orb.
     0 | D:1      | Reached XP level 1. HP: 10/10 MP: 4/4
   181 | D:1      | Reached XP level 2. HP: 9/15 MP: 4/6
   187 | D:1      | Learned a level 2 spell: Swiftness
   782 | D:1      | Reached XP level 3. HP: 19/19 MP: 7/7
   795 | D:2      | Learned a level 3 spell: Static Discharge
   820 | D:2      | Found an iron altar of Okawaru.
  1188 | D:2      | Reached XP level 4. HP: 10/24 MP: 3/8
  1270 | D:2      | Reached skill level 5 in Air Magic
  1499 | D:2      | Reached skill level 1 in Unarmed Combat
  1857 | D:3      | Gained mutation: You can fly. [Tengu growth]
  1857 | D:3      | Reached XP level 5. HP: 26/28 MP: 10/10
  1958 | D:3      | Found a glowing drain.
  1967 | D:3      | Reached skill level 1 in Slings
  1995 | Sewer    | Entered a sewer
  2066 | Sewer    | Slain by an adder

Vault maps used:
D:1:      dpeg_arrival_solitude, eino_curves_03, st_stairs_3, corner_web_ring
D:2:      lemuel_round_altar, minmay_misc_feat_diagonals
D:3:      grunt_qazlal_clouds, portal_sewer_entry_b
Sewer:    sewer_co_15_rooms

Action                   |  1- 3 |  4- 6 || total
-------------------------+-------+-------++-------
Melee: Unarmed           |    33 |       ||    33
       Spear             |     5 |    43 ||    48
 Fire: Hunting sling     |     5 |    27 ||    32
 Cast: Shock             |    50 |    14 ||    64
       Swiftness         |       |     1 ||     1
       Static Discharge  |       |     1 ||     1
 Abil: Fly               |       |     2 ||     2
  Use: Scroll            |     4 |       ||     4
       Potion            |       |     2 ||     2
  Eat: Bread ration      |       |     1 ||     1
